 Dungeon Crawl Stone Soup version 0.28-a0-479-g5baa6b73be (webtiles) character file.

Game seed: 5597986323351237240

134 willcat the Sneak (level 5, 0/36 HPs)
             Began as an Octopode Delver on Sept 17, 2021.
             Slain by an orc wizard (3 damage)
             ... on level 7 of the Dungeon.
             The game lasted 00:01:43 (875 turns).

willcat the Sneak (Octopode Delver)                  Turns: 875, Time: 00:01:44

Health: 0/36       AC:  1    Str: 11    XL:     5   Next: 17%
Magic:  6/6        EV: 14    Int: 14    God:
Gold:   14         SH:  0    Dex: 13    Spells: 6/6 levels left

rFire   . . .      SeeInvis .   g - +2 war axe (venom)
rCold   . . .      Faith    .   (no shield)
rNeg    . . .      Spirit   .   (helmet restricted)
rPois   .          Reflect  .   (no amulet)
rElec   .          Harm     .   (no ring)
rCorr   .          Rampage  .   (no ring)
Will    .....                   (no ring)
Stlth   +++.......              (no ring)
HPRegen 0.12/turn               (no ring)
MPRegen 0.10/turn               (no ring)
                                (no ring)
                                (no ring)

@: confused
A: almost no armour, amphibious, 8 rings, camouflage 1, gelatinous body 1,
(nimble swimmer 1), tentacles
a: no special abilities


You were on level 7 of the Dungeon.
You visited 1 branch of the dungeon, and saw 3 of its levels.

You collected 14 gold pieces.

Inventory:

Hand Weapons
 a - a +0 short sword
 g - a +2 war axe of venom (weapon)
 j - the +11 hunting sling of Karma {freeze, Int+3 SInv}
   (You found it on level 7 of the Dungeon)

   Any ammunition fired from it freezes those it strikes, dealing additional
   cold damage.
   It can also slow down cold-blooded creatures.
   Int:       It affects your intelligence (+3).
   SInv:      It lets you see invisible.
Wands
 f - a wand of digging (3)
Scrolls
 b - a scroll of fog
 c - a scroll of magic mapping
 d - a scroll of vulnerability {unknown}
 h - a scroll of noise {unknown}
 i - 2 scrolls of identify {unknown}
Potions
 e - a potion of haste


   Skills:
 - Level 3.0 Fighting
 - Level 2.0 Short Blades
 + Level 2.2 Axes
 + Level 3.2 Dodging
 + Level 7.6 Stealth
 + Level 1.2 Spellcasting


You had 6 spell levels left.
You didn't know any spells.
Your spell library contained the following spells:

 Spells                   Type           Power      Damage    Failure   Level
 Inner Flame              Hex/Fire       0%         N/A       61%         3
 Cause Fear               Hex            0%         N/A       95%         4
 Discord                  Hex            0%         N/A       100%        8


Dungeon Overview and Level Annotations

Branches:
Dungeon (7/15)
 Temple: D:4-7

Altars:

Shops:
D:6 !


Innate Abilities, Weirdness & Mutations

You cannot wear most types of armour.
You are amphibious.
You can wear up to eight rings at the same time.
Your skin changes colour to match your surroundings (Stealth+).
Your rubbery body absorbs attacks. (AC +1, EV +1)
((You are camouflaged near water. (Stealth+)))
You have tentacles for arms and can constrict up to eight enemies at once.


Message History

The orc wizard casts a spell.
The orc wizard flickers and vanishes!
Deactivating autopickup; reactivate with Ctrl-A.
Unknown command.
You hit the orc wizard.
The orc wizard is poisoned.
You grab the orc wizard.
The orc wizard is heavily wounded.
You hit something but do no damage. You constrict the orc wizard.
Something hits you.
The orc wizard hits you with a +0 dagger.
You hear some strange, mumbled words.
A puff of flame appears from out of thin air!
The puff of flame misses you.
Unknown command.
You slash the orc!
You kill the orc!
You slash the orc wizard!
You kill the orc wizard!
You closely miss something. Something hits you.
You have reached level 5!
You feel clever.
Unknown command.
You completely miss something. Something hits you.
Unknown command.
You barely miss something. Your squeeze misses something. Something hits you.
* * * LOW HITPOINT WARNING * * *
Something hits you.
* * * LOW HITPOINT WARNING * * *
Unknown command.
You slash something!
You hear some strange, mumbled words.
You are confused.
Unknown command.
Okay, then.
You are too confused!
Unknown command.
Unknown command.
You closely miss something. Something hits you.
* * * LOW HITPOINT WARNING * * *
Something hits you.
You die...

.... .......
#.........# #.........#
#.........#
#############.........#
......).@.............#
......))..............#
....).................#
....$.................#
......................#
......................#
......................#
###+###.....########'##
#.....#.........#


There were no monsters in sight!

Vanquished Creatures
  A bullfrog (D:6)
  An iguana (D:5)
  An orc wizard (D:7)
  An adder (D:5)
  A dart slug (D:5)
  3 orcs
8 creatures vanquished.

Vanquished Creatures (others)
  7 plants (D:6)
7 creatures vanquished.

Grand Total: 15 creatures vanquished

Notes
Turn   | Place    | Note
-------+----------+-------------------------------------------
     0 | D:5      | willcat the Octopode Delver began the quest for the Orb.
     0 | D:5      | Reached XP level 1. HP: 16/16 MP: 1/1
   144 | D:5      | Noticed an iguana
   148 | D:5      | Killed an iguana
   149 | D:5      | Reached skill level 1 in Axes
   149 | D:5      | Reached skill level 7 in Stealth
   149 | D:5      | Reached XP level 2. HP: 21/21 MP: 2/2
   149 | D:5      | Reached XP level 3. HP: 26/26 MP: 3/3
   208 | D:5      | Noticed an ogre
   518 | D:6      | Found Teytiha's Distillery.
   538 | D:6      | Noticed a bullfrog
   551 | D:6      | Killed a bullfrog
   552 | D:6      | Reached skill level 1 in Spellcasting
   552 | D:6      | Reached XP level 4. HP: 19/31 MP: 3/5
   745 | D:7      | Identified the +11 hunting sling of Karma {freeze, Int+3
                  | SInv}
   871 | D:7      | Reached XP level 5. HP: 15/36 MP: 6/6
   875 | D:7      | Slain by an orc wizard

Illustrated notes

Levels and vault maps discovered:
D:5:      minmay_spotlight, layout_basic, minmay_temple_entry_butterflies,
          minmay_misc_feat_ornament, uniq_sigmund
D:6:      layout_loops_ring, nicolae_qazlal_eye_of_the_storm,
          serial_bayou_pond_c, corexii_leaking_fountain, grunt_ministairs_11,
          hangedman_decor_diamond_cutter, nicolae_take_the_stairs
D:7:      layout_gridville, gammafunk_temple_overflow_wave, serial_shops,
          shop_fountains

Skill      XL: |  1  2  3 |
---------------+----------+-----
Axes           | 1 2 |  2.2
Stealth        | 7 |  7.6
Dodging        | 3 |  3.2
Spellcasting   | 1 |  1.2
Fighting       | |  3.0
Short Blades   | |  2.0

Action                   |  1- 3 |  4- 6 || total
-------------------------+-------+-------++-------
Melee: War axe           |     8 |    10 ||    18
       Constrict         |     3 |     2 ||     5
       Tentacles         |     2 |     1 ||     3
  Use: Scroll            |     1 |       ||     1
 Stab: Sleeping          |     3 |     1 ||     4
Dodge: Dodged            |     5 |     2 ||     7

Table legend: (Time is in decaauts)
 A = Elapsed time spent in this place.
 B = Non-inter-level travel time spent in this place.
 C = Inter-level travel time spent in this place.
 D = Time resting spent in this place.
 E = Time spent auto-exploring this place.
 F = Levels seen in this place.
 G = Mean time per level.
                   A        B        C        D        E       F      G
               +--------+--------+--------+--------+--------+-----+--------+
         Total |    881 |    842 |     39 |    343 |    268 |   3 |  293.7 |
       Dungeon |    881 |    842 |     39 |    343 |    268 |   3 |  293.7 |
               +--------+--------+--------+--------+--------+-----+--------+

Top non-repeatable levels by time:
     D:6: 337 daAuts
     D:5: 273 daAuts
     D:7: 270 daAuts
